 Dungeon Crawl Stone Soup version 0.26-a0-661-g406de6ba63 (webtiles) character file.

Game seed: 3563887850736032274

324 DogServant the Conjurer (level 6, -16/50 HPs)
             Began as a Draconian Conjurer on Oct 9, 2020.
             Demolished by an ogre
             ... wielding a +0 giant spiked club
              (27 damage)
             ... on level 6 of the Dungeon.
             The game lasted 00:07:34 (4860 turns).

DogServant the Conjurer (Draconian Conjurer)        Turns: 4860, Time: 00:07:36

Health: -16/50     AC:  6    Str:  9    XL:     6   Next: 23%
Magic:  6/10       EV: 12    Int: 22    God:
Gold:   241        SH:  0    Dex: 10    Spells: 5/11 levels left

rFire    . . .     SeeInvis .   n - +1 quarterstaff
rCold    . . .     Faith    .   (shield currently unavailable)
rNeg     . . .     Spirit   .   (armour unavailable)
rPois    .         Reflect  .   (helmet restricted)
rElec    .         Harm     .   (no cloak)
rCorr    .         Rampage  .   (no gloves)
MR       ++...                  (no boots)
Stlth    ++........             (no amulet)
HPRegen  0.16/turn              m - ring of flight
MPRegen  0.12/turn              p - ring of protection from magic

@: no status effects
A: unfitting armour, stinger 1, clever 1, magic resistance 1, cold-blooded, AC
+6
a: Evoke Flight


You were on level 6 of the Dungeon.
You visited 1 branch of the dungeon, and saw 6 of its levels.

You collected 241 gold pieces.

Inventory:

Hand Weapons
 n - a +1 quarterstaff (weapon)
Jewellery
 a - a +6 ring of strength {unknown}
 m - a ring of flight (left hand)
 p - a ring of protection from magic (right hand)
Scrolls
 b - 2 scrolls of teleportation
 c - a scroll of blinking
 e - 2 scrolls of amnesia
 h - 5 scrolls of remove curse
Potions
 d - 2 potions of curing
 f - a potion of might
 g - a potion of degeneration
 i - a potion of brilliance {unknown}
 j - a potion of haste
 k - 2 potions of resistance
 o - a potion of flight


   Skills:
 + Level 2.9 Fighting
 + Level 1.9 Dodging
 - Level 1.7 Stealth
 - Level 3.0 Spellcasting
 + Level 5.6 Conjurations
 + Level 2.4 Hexes


You had 5 spell levels left.
You knew the following spells:

 Your Spells              Type           Power        Failure   Level
a - Magic Dart            Conj           ####         1%          1
b - Searing Ray           Conj           ####..       1%          2
c - Dazzling Flash        Conj/Hex       ###...       7%          3

Your spell library contained the following spells:

 Spells                   Type           Power        Failure   Level
 Fulminant Prism          Conj/Hex       ###.......   24%         4
 Iskenderun's Mystic Bla  Conj/Tloc      ###.....     36%         4


Dungeon Overview and Level Annotations

Branches:
Dungeon (7/15)
 Temple: D:4-7

Altars:
Elyvilon
Okawaru
Ru
Uskayaw
Xom
Yredelemnul
The Shining One


Innate Abilities, Weirdness & Mutations

Your plain brown scales are hard. (AC +6)
You cannot fit into any form of body armour.
You are cold-blooded and may be slowed by cold attacks.
Your tail ends in a poisonous barb.
Your mind is acute. (Int +2)
You are resistant to hostile enchantments. (MR+)


Message History

You hear a shout! x2
Casting: Searing Ray (safe; 1% risk of failure)
Confirm with . or Enter, or press ? or * to list all spells.
Aiming: Searing Ray (safe; 1% risk of failure)
Press: ? - help, Shift-Dir - straight line, f - ogre
Aim: an ogre, wielding a +0 giant spiked club The searing ray misses the ogre. (Press . to maintain the ray.)
The searing ray hits the ogre!
The ogre is moderately wounded.
The ogre hits you with a +0 giant spiked club!!
Ouch! That really hurt!
You hear a shout!
The searing ray hits the ogre!
The ogre is severely wounded.
The centaur shoots an arrow.
The arrow hits you.
* * * LOW HITPOINT WARNING * * *
The ogre hits you with a +0 giant spiked club!!
Ouch! That really hurt!
You die...

####### .##
#.....# ..#
#....[# #.#
##..#@.##
#.#####...#.Oc#
#.#.....#####(#
#.#.###.>.#...#
#.#.# ###.#....
#...# ...####
###.# c...# #.#
##...# #.#
#.#.#


You could see an ogre and a centaur.

Vanquished Creatures
  A water moccasin skeleton (D:4)
  A hound (D:4)
  A centaur skeleton (D:4)
  Natasha (thrice) (D:3)
  Terence (D:3)
  A worker ant (D:4)
  2 adders
  An ooze (D:2)
  A dart slug (D:2)
  A leopard gecko (D:2)
  5 orcs (D:4)
  2 ball pythons
  3 giant cockroaches
  7 goblins
  7 hobgoblins
  10 jackals (D:2)
  2 quokkas
  4 bats
  A frilled lizard (D:1)
  A jackal skeleton (D:4)
  4 kobolds
  3 rats
62 creatures vanquished.

Notes
Turn   | Place    | Note
-------+----------+-------------------------------------------
     0 | D:1      | DogServant the Draconian Conjurer began the quest for the
                  | Orb.
     0 | D:1      | Reached XP level 1. HP: 14/14 MP: 3/3
   326 | D:1      | Found a glowing golden altar of the Shining One.
   385 | D:1      | Reached XP level 2. HP: 20/20 MP: 0/5
  1223 | D:2      | Gained mutation: You are frail. (-10% HP) [potion of
                  | mutation]
  1223 | D:2      | Gained mutation: Your flesh is heat resistant. (rF+)
                  | [potion of mutation]
  1223 | D:2      | Gained mutation: You are resistant to hostile enchantments.
                  | (MR+) [potion of mutation]
  1225 | D:2      | Reached XP level 3. HP: 12/23 MP: 0/7
  1791 | D:2      | Learned a level 2 spell: Searing Ray
  1795 | D:2      | Learned a level 3 spell: Dazzling Flash
  1801 | D:2      | Found an iron altar of Okawaru.
  2238 | D:2      | Lost mutation: You are frail. (-10% HP) [potion of
                  | mutation]
  2238 | D:2      | Lost mutation: Your flesh is heat resistant. (rF+) [potion
                  | of mutation]
  2238 | D:2      | Gained mutation: Your tail ends in a poisonous barb.
                  | [potion of mutation]
  2238 | D:2      | Gained mutation: Your mind is acute. (Int +2) [potion of
                  | mutation]
  2339 | D:2      | Found a hide-covered altar of Uskayaw.
  2493 | D:3      | Noticed Terence
  2618 | D:3      | Reached XP level 4. HP: 34/34 MP: 4/8
  2719 | D:3      | Found a shimmering altar of Xom.
  2763 | D:3      | Killed Terence
  2763 | D:3      | Reached skill level 1 in Fighting
  2763 | D:3      | Reached skill level 1 in Hexes
  2938 | D:3      | Noticed Natasha
  2945 | D:3      | Killed Natasha
  2945 | D:3      | Reached skill level 5 in Conjurations
  3018 | D:3      | Noticed Natasha
  3020 | D:3      | Killed Natasha
  3020 | D:3      | Reached XP level 5. HP: 41/41 MP: 6/9
  3138 | D:3      | Noticed Natasha
  3143 | D:3      | Killed Natasha
  4162 | D:4      | Reached XP level 6. HP: 27/50 MP: 0/10
  4685 | D:4      | You fall into a shaft and drop 3 floors!
  4709 | D:7      | Found a sacrificial altar of Ru.
  4712 | D:7      | Found a white marble altar of Elyvilon.
  4714 | D:7      | Found a basalt altar of Yredelemnul.
  4860 | D:6      | Demolished by an ogre

Illustrated notes

Levels and vault maps discovered:
D:1:      minmay_arrival_arboretum_small, layout_basic, tso_metal_star
D:2:      layout_rooms, nicolae_overflow_crystal_walls,
          okawaru_metal_pillars_1_2
D:3:      layout_basic, xom_teletrap_fun, uniq_terence, uniq_natasha
D:4:      layout_basic
D:6:      layout_loops_cross, old_standard_altar, kennysheep_little_box,
          portal_sewer_entry_c
D:7:      layout_basic, tgw_trog, chequers_temple_overflow_statue_of_worship,
          serial_shops, shop, minmay_fountain_box, uniq_duvessa

Skill      XL: |  1  2  3  4  5 |
---------------+----------------+-----
Spellcasting   | 3 |  3.0
Fighting       | 1 2 |  2.9
Hexes          | 1 2 |  2.4
Conjurations   | 5 |  5.6
Dodging        | |  1.9
Stealth        | |  1.7

Action                   |  1- 3 |  4- 6 || total
-------------------------+-------+-------++-------
Melee: Unarmed           |     2 |       ||     2
       Spear             |    75 |       ||    75
       Tailslap          |     9 |     4 ||    13
       Quarterstaff      |       |    38 ||    38
 Cast: Magic Dart        |    60 |     5 ||    65
       Searing Ray       |     5 |    11 ||    16
  Use: Potion            |     3 |       ||     3
       Scroll            |     8 |    10 ||    18
 Stab: Sleeping          |     1 |     2 ||     3
       Distracted        |     1 |       ||     1
Armor: Skin              |    42 |    15 ||    57
Dodge: Dodged            |    93 |    32 ||   125

Table legend: (Time is in decaauts)
 A = Elapsed time spent in this place.
 B = Non-inter-level travel time spent in this place.
 C = Inter-level travel time spent in this place.
 D = Time resting spent in this place.
 E = Time spent auto-exploring this place.
 F = Levels seen in this place.
 G = Mean time per level.
                   A        B        C        D        E       F      G
               +--------+--------+--------+--------+--------+-----+--------+
         Total |   4863 |   4610 |    253 |   1201 |   2893 |   6 |  810.5 |
       Dungeon |   4863 |   4610 |    253 |   1201 |   2893 |   6 |  810.5 |
               +--------+--------+--------+--------+--------+-----+--------+

Top non-repeatable levels by time:
     D:1: 1437 daAuts
     D:3: 1253 daAuts
     D:2: 1051 daAuts
     D:4: 944 daAuts
     D:7: 156 daAuts
     D:6: 19 daAuts
